Map: Tokamak LE

Players

Ghyslyn

  • Race: Terran Terran
  • League: Diamond
  • Spawn Location: 7:00

A.I. 1 (Very Easy) - Winner!

  • Race: Zerg Zerg
  • Spawn Location: 1:00

VOD

Have the link to the VOD?

Description

Time

  • Played on: May 18, 2025, 8:30 a.m.
  • Length: 8:40
Show
View Real Time Build Order
Export as new Build Order

Ghyslyn Terran 

Build Orders: Reaper Expand, Hellion Banshee 

Get SALT Encoding   

  12  0:00  SCV  
  13  0:12  SCV  
  14  0:17  Supply Depot  
  14  0:24  SCV  
  15  0:39  SCV  
  15  0:40  Barracks  
  16  0:44  Refinery  
  16  0:51  SCV  
  17  1:03  SCV  
  18  1:15  SCV  
  19  1:27  Orbital Command, Reaper  
  20  1:40  Command Center  
  20  1:50  Supply Depot  
  20  1:53  SCV  
  21  1:58  Marine  
  22  2:05  SCV  
  23  2:13  Factory  
  23  2:18  SCV  
  23  2:21  Barracks Reactor  
  24  2:30  SCV  
  24  2:36  Command Center  
  25  2:42  SCV  
  26  2:53  Orbital Command  
  26  2:54  SCV  
  27  2:59  Starport  
  27  3:05  Refinery  
  27  3:09  SCV  
  27  3:10  Hellion  
  30  3:14  Hellion  
  30  3:17  Barracks Tech Lab  
  32  3:21  SCV  
  32  3:24  SCV  
  34  3:33  Hellion, SCV  
  37  3:36  Hellion  
  39  3:43  Banshee  
  39  3:44  Barracks Tech Lab  
  39  3:46  SCV x2  
  44  3:51  Orbital Command  
  44  3:55  Hellion  
  46  3:57  Hellion  
  46  4:00  SCV  
  46  4:01  SCV  
  50  4:03  Stimpack  
  50  4:05  Marine  
  50  4:09  Orbital Command  
  51  4:13  SCV x2  
  53  4:26  Marine  
  53  4:27  Banshee  
  53  4:28  Factory Reactor  
  53  4:30  Barracks, SCV  
  53  4:31  Barracks, SCV  
  59  4:35  Refinery  
  59  4:36  Refinery  
  59  4:40  SCV  
  59  4:42  Supply Depot  
  60  4:46  SCV, Engineering Bay  
  60  4:47  Engineering Bay  
  61  5:04  Marine, SCV x3  
  61  5:05  Supply Depot  
  65  5:10  Supply Depot  
  65  5:16  SCV  
  65  5:18  Marine x2  
  65  5:20  Starport Reactor  
  68  5:23  SCV  
  68  5:26  SCV, Siege Tank  
  73  5:28  Supply Depot  
  73  5:29  Marine x3  
  73  5:30  SCV  
  73  5:33  Supply Depot  
  73  5:35  SCV  
  78  5:36  Marine  
  78  5:37  Terran Infantry Weapons Level 1, Terran Infantry Armor Level 1  
  78  5:41  Marine  
  78  5:42  SCV  
  81  5:43  SCV  
  81  5:47  Marine x2, SCV  
  81  5:49  Marine, Combat Shield  
  85  5:55  Supply Depot  
  85  5:56  SCV x2  
  88  5:59  SCV  
  88  6:00  Supply Depot, Siege Tank  
  88  6:01  Medivac  
  88  6:03  Medivac  
  96  6:08  SCV x2  
  96  6:11  Armory  
  98  6:12  Marine x3  
  98  6:16  SCV  
  102  6:19  Supply Depot  
  102  6:20  SCV  
  102  6:21  SCV  
  102  6:23  Supply Depot, Marine  
  102  6:24  Marine  
  100  6:28  SCV  
  100  6:31  Medivac  
  100  6:32  Siege Tank  
  106  6:33  Medivac  
  106  6:34  SCV  
  110  6:40  SCV  
  110  6:42  Marine  
  110  6:43  Marine x4  
  110  6:46  SCV  
  117  6:50  Supply Depot  
  117  6:51  Supply Depot  
  117  6:55  SCV  
  117  6:56  SCV  
  117  6:58  SCV  
  119  7:01  Barracks  
  119  7:03  Medivac x2  
  119  7:04  Barracks, Siege Tank  
  126  7:09  Marine x2  
  126  7:10  Marine x2  
  126  7:11  SCV x3  
  126  7:12  Supply Depot  
  126  7:14  Supply Depot  
  133  7:16  Marine  
  134  7:24  Supply Depot  
  134  7:25  SCV x3  
  134  7:27  Marine x3  
  134  7:29  Refinery  
  140  7:30  Marine  
  140  7:33  Medivac  
  140  7:34  Marine  
  140  7:36  Siege Tank  
  134  7:56  Barracks  
  134  7:58  Barracks Reactor x2  
  134  7:59  Barracks, Marine x3  
  134  8:00  Barracks, Marine x2  
  134  8:02  SCV  
  134  8:03  SCV x2  
  139  8:15  SCV x2  
  139  8:16  SCV  
  139  8:17  Marine x5  
  147  8:21  Supply Depot  
  147  8:22  Supply Depot  
  147  8:23  Supply Depot  
Show
View Real Time Build Order
Export as new Build Order

A.I. 1 (Very Easy) Zerg - Winner!

Build Orders: Hatch First 

Get SALT Encoding   

  12  0:00  Drone  
  13  0:13  Overlord  
  13  0:16  Drone  
  14  0:42  Hatchery  
  13  0:43  Drone  
  14  1:01  Spawning Pool  
  14  1:03  Drone  
  14  1:08  Extractor  
  14  1:10  Drone  
  14  1:18  Overlord  
  14  1:48  Zergling x2  
  14  1:50  Queen, Zergling x2  
  18  1:58  Roach Warren  
  17  2:02  Drone  
  17  2:07  Extractor  
  17  2:11  Drone  
  18  2:15  Zergling x2  
  18  2:20  Drone  
  20  2:27  Drone  
  21  2:34  Drone  
  22  2:41  Drone  
  23  2:49  Drone  
  24  2:56  Drone  
  25  3:03  Drone, Roach  
  28  3:08  Overlord  
  28  3:13  Drone  
  29  3:20  Drone  
  30  3:27  Drone  
  31  3:34  Drone  
  31  3:40  Overlord  
  32  3:43  Drone  
  33  3:49  Lair  
  33  3:50  Drone  
  33  3:51  Roach  
  36  4:01  Drone  
  37  4:08  Drone  
  38  4:15  Drone  
  39  4:22  Drone  
  40  4:29  Drone  
  40  4:31  Overlord  
  41  4:36  Drone  
  42  4:39  Roach  
  42  4:43  Drone  
  45  4:49  Overseer x2  
  45  4:51  Drone  
  46  4:56  Extractor  
  46  4:58  Extractor, Drone  
  45  5:05  Drone  
  46  5:12  Drone  
  47  5:19  Drone  
  48  5:26  Drone  
  48  5:27  Roach  
  51  5:34  Drone  
  52  5:41  Drone  
  51  6:19  Zergling x2  
  47  6:32  Overseer, Overlord  
  42  7:07  Roach  
  44  7:55  Zergling x2  
Tags
 
Add a new tag
Caveats
  • Supply blocks, unpowered buildings, or Contaminate may cause inaccurate times.
  • Supply counts are checked every 10 seconds.